 Dungeon Crawl Stone Soup version 0.25.0-11-g1f837a76a1 (webtiles) character file.

Game seed: 1908610905957298669

38 MisterFreud the Shield-Bearer (level 3, -2/30 HPs)
             Began as a Formicid Fighter on June 27, 2020.
             Slain by Pikel
             ... wielding a +1 whip of electrocution
              (11 damage)
             ... on level 4 of the Dungeon.
             The game lasted 00:01:29 (172 turns).

MisterFreud the Shield-Bearer (Formicid Fighter)     Turns: 172, Time: 00:01:29

Health: -2/30      AC: 11    Str: 21    XL:     3   Next: 65%
Magic:  3/3        EV:  4    Int:  7    God:
Gold:   16         SH:  9    Dex: 10    Spells: 2/2 levels left

rFire    . . .     SeeInvis +   a - +0 quarterstaff
rCold    . . .     Gourm    .   c - +0 kite shield
rNeg     . . .     Faith    .   h - +0 plate armour
rPois    .         Spirit   .   (helmet unavailable)
rElec    .         Reflect  .   (no cloak)
rCorr    .         Harm     .   (no gloves)
MR       .....                  (no boots)
Stlth    ..........             (no amulet)
HPRegen  0.10/turn              (no ring)
MPRegen  0.08/turn              (no ring)

@: mighty
A: permanent stasis, dig shafts and tunnels, four strong arms, antennae 3
a: Dig, Shaft Self


You were on level 4 of the Dungeon.
You were not hungry.

You visited 1 branch of the dungeon, and saw 4 of its levels.

You collected 16 gold pieces.

Inventory:

Hand Weapons
 a - a +0 quarterstaff (weapon)
Armour
 c - a +0 kite shield (worn)
 h - a +0 plate armour (worn)
Scrolls
 e - a scroll of identify {unknown}
Comestibles
 f - a ration
 g - 2 chunks of flesh


   Skills:
 - Level 3.7 Fighting
 + Level 2.3 Staves
 - Level 3.8 Armour
 - Level 4.1 Shields


You had 2 spell levels left.
You didn't know any spells.
Your spell library was empty.

Dungeon Overview and Level Annotations

Branches:
Dungeon (5/15)
 Temple: D:4-7

Altars:

Shops:
D:4 ![

Annotations:
D:4 Pikel


Innate Abilities, Weirdness & Mutations

You cannot be hasted, slowed, berserked, paralysed or teleported.
You can dig through walls and to a lower floor.
Your four strong arms can wield two-handed weapons with a shield.
You have a pair of large antennae on your head. (SInv)


Message History

You closely miss Pikel.
The slave shouts!
Pikel hits you but does no damage.
You feel very mighty all of a sudden. Pikel hits you but does no damage.
You are electrocuted!
Ouch! That really hurt!
* * * LOW HITPOINT WARNING * * *
You hit Pikel.
Pikel is lightly wounded.
You block Pikel's attack.
You closely miss Pikel.
Pikel is lightly wounded.
You block Pikel's attack. Pikel hits you but does no damage.
You sock Pikel!
Pikel is moderately wounded.
Pikel hits you but does no damage.
You sock Pikel!
Pikel is severely wounded.
Pikel hits you but does no damage.
You are electrocuted!
You die...

###### #....# #....#
#....# ######
########....####....#...
........................
########...∩####.##...#
#....# #@# ...
#########K###..
#.ppp..{.# { #.....#.##
#.....#.# #.....#.#
#.....#.# #.....#.#
#.......#


You could see Pikel and 3 slaves.

Vanquished Creatures
  A hound (D:4)
  A shadow imp (D:5)
  A giant cockroach (D:4)
3 creatures vanquished.

Notes
Turn   | Place    | Note
-------+----------+-------------------------------------------
     0 | D:1      | MisterFreud the Formicid Fighter began the quest for the
                  | Orb.
     0 | D:1      | Reached XP level 1. HP: 18/18 MP: 1/1
     3 | D:1      | You fall into a shaft and drop 1 floor!
     6 | D:2      | You fall into a shaft and drop 2 floors!
    24 | D:4      | Noticed a slave
    25 | D:4      | Noticed a slave
    25 | D:4      | Noticed Pikel
    26 | D:4      | Noticed a slave
    38 | D:5      | Entered Level 5 of the Dungeon
    70 | D:5      | Reached XP level 2. HP: 24/24 MP: 2/2
    82 | D:4      | Found Rofaschu's Distillery.
   131 | D:4      | Reached skill level 4 in Shields
   131 | D:4      | Reached XP level 3. HP: 24/30 MP: 3/3
   148 | D:4      | Found Voreokaf's Armour Shop.
   172 | D:4      | Slain by Pikel

Illustrated notes

Levels and vault maps discovered:
D:1:      lightli_arrival_boilingwater, layout_basic
D:2:      layout_loops_ring, minmay_overflow_temple_star_hex, first_ration
D:4:      layout_basic, serial_shops, shop, nicolae_shop_behind_doors,
          nicolae_shop_trees, shop, shop, uniq_pikel
D:5:      layout_loops_corners, lemuel_coloured_pillars_altar,
          nemelex_xobeh_ov_fountains_minmay

Skill      XL: |  1  2 |
---------------+-------+-----
Shields        | 4 |  4.1
Fighting       | |  3.7
Staves         | |  2.3
Armour         | |  3.8

Action                   || total
-------------------------++-------
Melee: Quarterstaff      ||    21
 Abil: Shaft Self        ||     2
       Dig               ||     1
  Use: Potion            ||     1
Armor: Plate armour      ||    13
Dodge: Dodged            ||     3
Block: Kite shield       ||     9
